 Dungeon Crawl Stone Soup version 0.27-a0-380-g150de4c316 (webtiles) character file.

Game seed: 14888799522173932734

41 dickylongcocking the Sneak (level 3, -1/26 HPs)
             Began as an Octopode Delver on Feb 18, 2021.
             Was an Initiate of Elyvilon.
             Slain by an ogre
             ... wielding a +0 giant spiked club
              (20 damage)
             ... on level 4 of the Dungeon.
             The game lasted 00:00:54 (498 turns).

dickylongcocking the Sneak (Octopode Delver)         Turns: 498, Time: 00:00:55

Health: -1/26      AC:  1    Str: 11    XL:     3   Next: 52%
Magic:  3/3        EV: 10    Int: 12    God:    Elyvilon [......]
Gold:   0          SH:  6    Dex: 14    Spells: 2/2 levels left

rFire    . . .     SeeInvis .     - Unarmed
rCold    . . .     Faith    .   j - +0 kite shield
rNeg     . . .     Spirit   .   (helmet restricted)
rPois    .         Reflect  .   (no amulet)
rElec    .         Harm     .   (no ring)
rCorr    .         Rampage  .   (no ring)
Will     .....                  (no ring)
Stlth    +++++.....             (no ring)
HPRegen  0.08/turn              (no ring)
MPRegen  0.08/turn              (no ring)
                                (no ring)
                                (no ring)

@: no status effects
A: almost no armour, stealthy swim, amphibious, 8 rings, constrict 8, camouflage
1, gelatinous body 1
a: Renounce Religion


You were on level 4 of the Dungeon.
You worshipped Elyvilon.
Elyvilon was noncommittal.
You visited 1 branch of the dungeon, and saw 3 of its levels.

Inventory:

Missiles
 h - 16 poisoned darts (quivered)
Armour
 j - a +0 kite shield (worn)
Wands
 e - a wand of digging (3)
Scrolls
 a - 2 scrolls of fog
 c - a scroll of fear
 g - a scroll of noise {unknown}
 i - 3 scrolls of identify {unknown}
Potions
 d - a potion of haste
 f - a potion of curing {unknown}


   Skills:
 + Level 3.2 Fighting
 + Level 2.1 Dodging
 + Level 7.8 Stealth
 + Level 2.1 Unarmed Combat


You had 2 spell levels left.
You didn't know any spells.
Your spell library was empty.

Dungeon Overview and Level Annotations

Branches:
Dungeon (5/15)
 Temple: D:4-7

Altars:
Elyvilon
Sif Muna

Annotations:
D:4 Robin


Innate Abilities, Weirdness & Mutations

You cannot wear most types of armour.
You are very stealthy in the water. (Stealth+)
You are amphibious.
You can wear up to eight rings at the same time.
You can use your tentacles to constrict eight enemies at once.
Your skin changes colour to match your surroundings (Stealth+).
Your rubbery body absorbs attacks. (AC +1, EV +1)


Message History

The orc is heavily wounded.
The orc hits you but does no damage.
You tentacle-slap the orc. You grab the orc.
The orc is severely wounded.
You constrict the orc. The orc hits you with a +0 club.
You release your grip on the orc.
You tentacle-slap the orc. Your grab misses the orc.
The orc is almost dead.
The orc hits you with a +0 club.
There is a stone staircase leading down here.
You climb downwards.
Level annotation: Robin
There is a stone staircase leading up here.
You tentacle-slap the orc.
You kill the orc!
You start resting.
Robin is nearby!
Okay, then.
You start putting on your armour.
You continue putting on your kite shield. x4
You finish putting on your +0 kite shield.
Unknown command.
You start resting.
Robin is nearby!
A goblin comes into view. It is wielding a +0 dagger of speed.
As you read the scroll of magic mapping, it crumbles to dust.
You feel aware of your surroundings.
A goblin comes into view.
The goblin moves out of view.
An orc and an orc wizard come into view.
A goblin comes into view.
The orc shouts! x2; You hear a shout!
The orc wizard shouts!
A goblin comes into view. It is wielding a +0 club.
A goblin comes into view. It is wielding a +0 dagger.
A goblin comes into view. It is wielding a +0 club.
The ogre shouts!
The ogre hits you with a +0 giant spiked club!!
Ouch! That really hurt!
You die...

*,..,,#...## #...).g#*,*
*,#**#..#.## #..<...#*,*
*,* ##..#.## #......#*,*
*,* *#.###.## #.##.#.#*,*
*,* *#.#* ##.###......##.#
*,* #.#* ##.##....(....#
*,* ##,** ##........####.#
*,* **,*##.####.........#
*,* **,#@## #.##.###..#*
*,* *#.O# #........>.. *,*
##.# #..#.###.,** *,* #.#
#o.#.#**,,** *,*******#.#
#.....**,,**
*,,,,,,,*#.#***#..o..,,,,**
*******,,...,,,....o.,,,**,
***#.#***##.#...,,,,, *,*
*.....#***,


You could see an ogre.

Vanquished Creatures
  An orc wizard (D:4)
  An adder (D:4)
  2 orcs
  A hobgoblin (D:3)
  2 goblins (D:4)
7 creatures vanquished.

Notes
Turn   | Place    | Note
-------+----------+-------------------------------------------
     0 | D:5      | dickylongcocking the Octopode Delver began the quest for
                  | the Orb.
     0 | D:5      | Reached XP level 1. HP: 16/16 MP: 1/1
    14 | D:5      | Noticed a sky beast
    14 | D:5      | Noticed a centaur
    21 | D:4      | Noticed Robin
    26 | D:4      | Noticed an ogre
    27 | D:4      | Found a white marble altar of Elyvilon.
    32 | D:4      | Became a worshipper of Elyvilon the Healer
    45 | D:4      | Noticed an orc wizard
    54 | D:4      | Killed an orc wizard
    55 | D:4      | Reached skill level 7 in Stealth
    55 | D:4      | Reached XP level 2. HP: 8/21 MP: 2/2
    55 | D:4      | Reached XP level 3. HP: 10/26 MP: 3/3
    72 | D:4      | Found a shimmering blue altar of Sif Muna.
   354 | D:4      | Noticed an ogre
   498 | D:4      | Slain by an ogre

Illustrated notes

Levels and vault maps discovered:
D:3:      layout_basic, uniq_terence, uniq_jessica
D:4:      layout_loops_ring, marbit_many_paths, lemuel_doored_altar,
          uniq_edmund, uniq_robin, uniq_blork_the_orc
D:5:      layout_loops_corners, overflow_temple_1_default, lemuel_crystal_altar,
          temple_doors_e, basic_altar

Skill      XL: |  1 |
---------------+----+-----
Stealth        | 7 |  7.8
Fighting       | |  3.2
Dodging        | |  2.1
Unarmed Combat | |  2.1

Action                   || total
-------------------------++-------
Melee: Unarmed           ||    21
       Constrict         ||     5
       Tentacles         ||     4
  Use: Scroll            ||     1
 Stab: Sleeping          ||     1
Armor: Skin              ||     3
Dodge: Dodged            ||    11

Table legend: (Time is in decaauts)
 A = Elapsed time spent in this place.
 B = Non-inter-level travel time spent in this place.
 C = Inter-level travel time spent in this place.
 D = Time resting spent in this place.
 E = Time spent auto-exploring this place.
 F = Levels seen in this place.
 G = Mean time per level.
                   A        B        C        D        E       F      G
               +--------+--------+--------+--------+--------+-----+--------+
         Total |    497 |    497 |      0 |    248 |     88 |   3 |  165.7 |
       Dungeon |    497 |    497 |      0 |    248 |     88 |   3 |  165.7 |
               +--------+--------+--------+--------+--------+-----+--------+

Top non-repeatable levels by time:
     D:4: 404 daAuts
     D:3: 72 daAuts
     D:5: 21 daAuts
